 Dungeon Crawl Stone Soup version 0.18-a0-1273-g8ec5f8e (webtiles) character file.

522 namelastname112 the Shooter (level 7, 7/59 HPs)
             Began as a Yellow Draconian Hunter on Feb 7, 2016.
             Quit the game on level 5 of the Dungeon.
             The game lasted 00:07:06 (4309 turns).

namelastname112 the Shooter (DrHu)                  Turns: 4309, Time: 00:07:06

Health: 7/59       AC: 10    Str: 14      XL:     7   Next: 2%
Magic:  7/7        EV: 13    Int: 10 (11) God:
Gold:   233        SH:  0    Dex: 13 (14) Spells: 0 memorised, 6 levels left

rFire  . . .     SeeInvis .     b - +0 quarterstaff
rCold  . . .     Gourm    .     (armour unavailable)
rNeg   . . .     Faith    .     (shield currently unavailable)
rPois  .         Spirit   .     (helmet restricted)
rElec  .         Dismiss  .     G - +0 cloak (curse)
rCorr  +         Reflect  .     F - +2 pair of gloves
SustAt .         Harm     .     (no boots)
MR     +....                    y - amulet of magic regeneration
Stlth  +.........               (no ring)
                                m - ring of protection from magic

@: quite poisoned (7 -> 3), very slightly contaminated, somewhat resistant to
hostile enchantments, very unstealthy
A: spit acid, acid resistance, unfitting armour, cold-blooded, AC +6
a: Spit Acid


You were on level 5 of the Dungeon.
You were near starving.

You visited 2 branches of the dungeon, and saw 6 of its levels.

You collected 233 gold pieces.

Inventory:

Hand Weapons
 a - a +1 shortbow
 b - a +0 quarterstaff (weapon)
 s - a +0 short sword
Missiles
 e - 33 arrows
Armour
 F - a +2 pair of gloves (worn)
 G - a cursed +0 cloak (worn)
Jewellery
 m - a ring of protection from magic (left hand)
 x - an uncursed ring of fire
 y - an amulet of magic regeneration (around neck)
Wands
 o - a wand of polymorph (11/24)
 w - a wand of random effects (19/48)
 C - a wand of iceblast (9/15)
 E - a wand of lightning (9/15)
Scrolls
 f - 2 scrolls of magic mapping {unknown}
 g - a scroll of fear {unknown}
 j - a scroll of identify {unknown}
 v - 2 scrolls of noise {unknown}
 A - a scroll of remove curse {unknown}
 B - 2 scrolls of enchant armour {unknown}
Potions
 h - a potion of resistance
 k - a potion of invisibility
 l - 3 potions of curing
 q - a potion of heal wounds
 u - a potion of haste
Comestibles
 c - a chunk of flesh
 d - 7 bread rations
 i - a beef jerky
 t - 2 slices of pizza
 z - 3 fruits


   Skills:
 + Level 4.1 Fighting
 + Level 2.7 Staves
 * Level 5.7 Bows
 + Level 3.5 Dodging
 - Level 0.8 Stealth


You had 6 spell levels left.
You didn't know any spells.

Dungeon Overview and Level Annotations

Branches:
Dungeon (5/15)             Temple (1/1) D:5

Altars:
Ashenzari
Cheibriados
Dithmenos
Elyvilon
Fedhas
Kikubaaqudgha
Makhleb
Nemelex Xobeh
Pakellas
Qazlal
Ru
Xom
Yredelemnul
Zin


Innate Abilities, Weirdness & Mutations

You can spit globs of acid.
You are resistant to acid.
Your golden yellow scales are hard (AC +6).
Your body does not fit into most forms of armour.
You are cold-blooded and may be slowed by cold attacks.


Message History

The worker ant bites you but does no damage.
You hit the worker ant.
The worker ant is almost dead.
You feel sick.
The worker ant bites you but does no damage. x2
You thump the worker ant!
You kill the worker ant!
You have reached level 7!
Your scales start taking on a golden yellow colour.
You feel your strength returning.
You feel sick.
You feel sick.
You see here a worker ant corpse.
You butcher the worker ant corpse.
c - a chunk of flesh You feel sick.
You feel sick.
You feel sick.
e - 33 arrows Are you sure you want to abandon this character and quit the game? (Confirm with "yes".)

##### ## #...# ...
#.>.# #... ##...#
#######
#....#####..#.###.....#
#......W.##...@.#####
####.##......####
.....##.......#
...b##........#.....
...Z.. #..#####.# ####
..b..b.P..# ...
..........# ###
####.Z... #


There were no monsters in sight!

Vanquished Creatures
  The ghost of YrmMerkstave the Poker, an amateur MfGl of Yredelemnul (D:5)
  A scorpion (D:4)
  A centaur skeleton (D:4)
  A hound (D:4)
  An iguana (D:4)
  An orc wizard (D:4)
  2 worker ants
  4 adders
  2 oozes
  A worm (D:4)
  3 giant geckos
  5 orcs
  4 goblins
  8 hobgoblins
  4 jackals (D:4)
  2 quokkas (D:4)
  2 ball pythons
  6 bats
  4 giant newts
  8 kobolds
  A quokka skeleton (D:4)
  10 rats
72 creatures vanquished.

Notes
Turn   | Place    | Note
--------------------------------------------------------------
     0 | D:1      | namelastname112 the Draconian Hunter began the quest for the Orb.
     0 | D:1      | Reached XP level 1. HP: 17/17 MP: 1/1
   259 | D:1      | Reached XP level 2. HP: 16/25 MP: 2/2
   506 | D:1      | Reached skill level 4 in Bows
   756 | D:1      | Reached XP level 3. HP: 22/30 MP: 3/3
  1299 | D:2      | Found a shadowy altar of Dithmenos.
  2185 | D:3      | Found a white marble altar of Elyvilon.
  2206 | D:3      | Reached XP level 4. HP: 33/38 MP: 4/4
  2265 | D:3      | Found a sacrificial altar of Ru.
  2767 | D:4      | Reached skill level 1 in Staves
  2775 | D:4      | Reached XP level 5. HP: 17/45 MP: 5/5
  3296 | D:4      | Found a sparkling altar of Nemelex Xobeh.
  3307 | D:4      | Found a blossoming altar of Fedhas.
  3325 | D:4      | Found a stormy altar of Qazlal.
  3346 | D:4      | Reached skill level 5 in Bows
  3353 | D:4      | Found a shattered altar of Ashenzari.
  3655 | D:4      | Reached XP level 6. HP: 14/52 MP: 6/6
  4079 | D:5      | Entered Level 5 of the Dungeon
  4079 | D:5      | Found a staircase to the Ecumenical Temple.
  4086 | Temple   | Entered the Ecumenical Temple
  4199 | D:5      | Noticed YrmMerkstave's ghost (amateur MfGl)
  4221 | D:5      | Gained mutation: You are frail (-10% HP). [potion of mutation]
  4221 | D:5      | Gained mutation: Scrolls take you a little longer to read. [potion of mutation]
  4221 | D:5      | Gained mutation: You evolve. [potion of mutation]
  4224 | D:5      | Lost mutation: You evolve. [potion of cure mutation]
  4224 | D:5      | Lost mutation: Scrolls take you a little longer to read. [potion of cure mutation]
  4224 | D:5      | Lost mutation: You are frail (-10% HP). [potion of cure mutation]
  4291 | D:5      | Killed YrmMerkstave's ghost
  4302 | D:5      | Reached XP level 7. HP: 11/59 MP: 7/7
  4302 | D:5      | Your scales start taking on a golden yellow colour.
  4309 | D:5      | Quit the game

Vault maps used:
D:1:      eino_arrival_druids_welcome, fountainhead
D:2:      wad_pebble_path, grunt_dithmenos_smoke, first_bread
D:3:      elyvilon_altar_1, lemuel_round_altar, minmay_misc_feat_x
D:4:      nicolae_overflow_quartered_altars, corexii_checkpoint_b
D:5:      minmay_temple_entry_butterflies, serial_undead, serial_undead_b,
          serial_undead_d, serial_undead_a, serial_undead_c, serial_undead_b,
          serial_undead_a, uniq_grinder
Temple:   temple_of_Zot_orb

Action                   |  1- 3 |  4- 6 |  7- 9 || total
-------------------------+-------+-------+-------++-------
Melee: Short sword       |   103 |       |       ||   103
       Quarterstaff      |    28 |   167 |       ||   195
 Fire: Shortbow          |     5 |    54 |       ||    59
  Use: Potion            |       |    10 |       ||    10
 Stab: Sleeping          |     1 |     2 |       ||     3
  Eat: Chunk             |     3 |     4 |       ||     7
       Pizza             |     1 |       |       ||     1
       Fruit             |       |     1 |       ||     1
